 Dungeon Crawl Stone Soup version 0.28-a0-750-g7c675f85b1 (webtiles) character file.

Game seed: 678645745160844343

688 KoroneIsBestGirl the Chiller (level 7, -2/41 HPs)
             Began as an Octopode Ice Elementalist on Oct 29, 2021.
             Was an Initiate of Gozag.
             Slain by a hound skeleton (4 damage)
             ... on level 4 of the Dungeon.
             The game lasted 00:08:10 (5360 turns).

KoroneIsBestGirl the Chiller (OpIE)                 Turns: 5360, Time: 00:08:10

Health: -2/41      AC:  1    Str:  7    XL:     7   Next: 62%
Magic:  13/13      EV: 14    Int: 20    God:    Gozag
Gold:   675        SH:  0    Dex: 12    Spells: 11/15 levels left

rFire   . . .      SeeInvis .   c - +0 short sword (flame)
rCold   . . .      Faith    .   (no shield)
rNeg    . . .      Spirit   .   (helmet restricted)
rPois   .          Reflect  .   b - amulet of magic regeneration
rElec   .          Harm     .   k - ring of wizardry
rCorr   .          Rampage  .   (no ring)
Will    .....                   (no ring)
Stlth   +++.......              (no ring)
HPRegen 0.13/turn               (no ring)
MPRegen 0.38/turn               (no ring)
                                (no ring)
                                (no ring)

@: no status effects
A: almost no armour, amphibious, 8 rings, camouflage 1, gelatinous body 1,
(nimble swimmer 1), tentacles
a: Renounce Religion, Potion Petition, Call Merchant, Bribe Branch


You were on level 4 of the Dungeon.
You worshipped Gozag.
Gozag was pleased with you.
You visited 1 branch of the dungeon, and saw 4 of its levels.

You collected 675 gold pieces.

Inventory:

Hand Weapons
 c - a +0 short sword of flaming (weapon)
Magical Staves
 a - a staff of air
Jewellery
 b - an amulet of magic regeneration (around mantle)
 k - a ring of wizardry (left tentacle)
Wands
 n - a wand of paralysis (10)
Scrolls
 e - 3 scrolls of identify {unknown}
 g - a scroll of vulnerability {unknown}
 j - a scroll of silence {unknown}
 m - 2 scrolls of immolation {unknown}
 o - 2 scrolls of teleportation
Potions
 d - 2 potions of curing
 f - a potion of heal wounds {unknown}
 h - a potion of berserk rage {unknown}
 i - a potion of might
 l - a potion of attraction {unknown}
 p - a potion of lignification {unknown}
 q - 2 potions of degeneration {unknown}


   Skills:
 + Level 4.9 Dodging
 - Level 2.7 Stealth
 + Level 4.6 Spellcasting
 + Level 6.2 Ice Magic


You had 11 spell levels left.
You knew the following spells:

 Your Spells              Type           Power      Damage    Failure   Level
a - Freeze                Ice            100%       1d11      1%          1
b - Frozen Ramparts       Ice            58%        1d7       1%          3

Your spell library contained the following spells:

 Spells                   Type           Power      Damage    Failure   Level
 Ozocubu's Armour         Ice            29%        N/A       1%          3
 Sting                    Tmut/Pois      16%        1d3       4%          1
 Poisonous Vapours        Pois/Air       8%         N/A       8%          2
 Hailstorm                Conj/Ice       17%        3d6       13%         4
 Call Canine Familiar     Summ           4%         N/A       16%         3
 Airstrike                Air            2%         N/A       43%         4
 Olgreb's Toxic Radiance  Pois           4%         N/A       43%         4
 Lightning Bolt           Conj/Air       2%         1d13      77%         5
 Dispersal                Tloc           2%         N/A       99%         6
 Spellforged Servitor     Conj/Summ      2%         N/A       100%        7
 Disjunction              Tloc           2%         N/A       100%        8


Dungeon Overview and Level Annotations

Branches:
Dungeon (4/15)
 Temple: D:4-7

Altars:
Gozag
Hepliaklqana

Annotations:
D:3 Grinder


Innate Abilities, Weirdness & Mutations

You cannot wear most types of armour.
You are amphibious.
You can wear up to eight rings at the same time.
Your skin changes colour to match your surroundings (Stealth+).
Your rubbery body absorbs attacks. (AC +1, EV +1)
((You are camouflaged near water. (Stealth+)))
You have tentacles for arms and can constrict up to eight enemies at once.


Message History

You feel a bit more experienced.
The wall freezes something.
Something hits you.
Deactivating autopickup; reactivate with Ctrl-A.
The hound skeleton completely resists.
The wall freezes the hound skeleton but does no damage.
The hound skeleton bites you.
Your frozen ramparts will break if you move.
Continue?
You bump into the rock wall.
The frozen ramparts melt away.
The hound skeleton closely misses you.
You hear a shout!
You bump into the rock wall.
The hound skeleton misses you. The hound skeleton closely misses you.
You closely miss something.
You feel less confused. Something hits you. The hound skeleton bites you.
You hear some strange, mumbled words.
Something tries to affect you, but you resist.
You barely miss something. The hound skeleton misses you. Something hits you.
You hit something but do no damage. The hound skeleton closely misses you.
Something hits you. The hound skeleton barely misses you.
You closely miss something. The hound skeleton closely misses you.
Something hits you.
You barely miss something. The hound skeleton closely misses you.
Something hits you.
* * * LOW HITPOINT WARNING * * *
The hound skeleton barely misses you.
You hit something. You burn something. Your squeeze misses something.
Something hits you but does no damage.
The hound skeleton bites you but does no damage.
You miss something. The hound skeleton misses you.
You hear some strange, mumbled words.
A magic dart appears from out of thin air!
The magic dart hits you.
* * * LOW HITPOINT WARNING * * *
You barely miss something. The hound skeleton barely misses you.
Something hits you.
* * * LOW HITPOINT WARNING * * *
The hound skeleton bites you.
You die...
Your body crumbles into a pile of gold.

# . #... ##########
#.... #........#
#.....##........########
........................
#.....##................
#.....{@Z...............
#....###$...............
#.. ##................ .
####.................
..{.............####
#.####............<.
###.##....#...........
##.....(##.....Z....(..
#......######..........


You could see a hound skeleton.

Vanquished Creatures
  Sigmund (D:4)
  An ogre (D:4)
  A phantom (D:4)
  A scorpion (D:4)
  A jelly (D:4)
  An orc priest (D:3)
  A hound (D:4)
  Terence (D:2)
  2 orc wizards (D:4)
  Robin (D:2)
  3 adders
  A gnoll (D:1)
  A worm (D:3)
  3 orcs
  9 endoplasms
  4 giant cockroaches
  11 hobgoblins
  11 jackals
  5 kobolds
  5 quokkas
  11 ball pythons
  6 bats
  2 frilled lizards
  14 goblins
  4 rats
101 creatures vanquished.

Vanquished Creatures (others)
  6 plants (D:4)
6 creatures vanquished.

Grand Total: 107 creatures vanquished

Notes
Turn   | Place    | Note
-------+----------+-------------------------------------------
     0 | D:1      | KoroneIsBestGirl the Octopode Ice Elementalist began the
                  | quest for the Orb.
     0 | D:1      | Reached XP level 1. HP: 11/11 MP: 3/3
   207 | D:1      | Reached XP level 2. HP: 17/17 MP: 3/5
   393 | D:1      | Found a faded altar of an unknown god.
   399 | D:1      | Prayed at the altar of an unknown god.
   399 | D:1      | Became a worshipper of Gozag Ym Sagoz the Greedy
   792 | D:1      | Reached XP level 3. HP: 16/21 MP: 2/6
   989 | D:1      | Got the Volume of Weightlessness and Companions
  1083 | D:1      | Learned a level 3 spell: Frozen Ramparts
  1456 | D:2      | Noticed Robin
  1683 | D:2      | Killed Robin
  1684 | D:2      | Reached XP level 4. HP: 20/27 MP: 2/8
  3012 | D:2      | Noticed Terence
  3029 | D:2      | Killed Terence
  3030 | D:2      | Reached XP level 5. HP: 15/31 MP: 3/9
  3498 | D:3      | Reached skill level 5 in Ice Magic
  3683 | D:3      | Noticed Grinder
  3696 | D:3      | Paralysed by Grinder for 2 turns
  4074 | D:4      | Noticed a phantom
  4083 | D:4      | Noticed Sigmund
  4091 | D:4      | Killed Sigmund
  4092 | D:4      | Reached XP level 6. HP: 20/36 MP: 5/11
  4149 | D:4      | Reached XP level 7. HP: 13/41 MP: 10/13
  4716 | D:4      | Found a hazy altar of Hepliaklqana.
  4724 | D:4      | Reached skill level 6 in Ice Magic
  5360 | D:4      | HP: 2/41 [something (2)]
  5360 | D:4      | Slain by a hound skeleton

Illustrated notes

Levels and vault maps discovered:
D:1:      scummos_arrival_star, layout_loops_ring, ebering_ecumenical_altar_box
D:2:      layout_rooms, minmay_puff, uniq_robin, uniq_terence
D:3:      layout_loops_cross, minmay_crystal_water, uniq_ijyb, uniq_grinder
D:4:      cheibrodos_old_hovel, layout_rooms, nicolae_hepliaklqana_hazy_memory,
          uniq_sigmund

Skill      XL: |  1  2  3  4  5  6  7 |
---------------+----------------------+-----
Dodging        | 3 4 |  4.9
Spellcasting   | 3 4 |  4.6
Ice Magic      | 5 6 |  6.2
Stealth        | |  2.7

Action                   |  1- 3 |  4- 6 |  7- 9 || total
-------------------------+-------+-------+-------++-------
Melee: Unarmed           |     5 |       |       ||     5
       Tentacles         |     5 |     5 |     2 ||    12
       Constrict         |     9 |     7 |     3 ||    19
       Staff             |    10 |       |       ||    10
       Short sword       |     8 |    36 |    13 ||    57
 Cast: Freeze            |    36 |    54 |    18 ||   108
       Frozen Ramparts   |     2 |     8 |     5 ||    15
  Use: Scroll            |       |     2 |       ||     2
       Potion            |       |     3 |       ||     3
 Stab: Sleeping          |     2 |     2 |       ||     4
Armor: Skin              |     2 |     4 |     5 ||    11
Dodge: Dodged            |    28 |    53 |    30 ||   111

Table legend: (Time is in decaauts)
 A = Elapsed time spent in this place.
 B = Non-inter-level travel time spent in this place.
 C = Inter-level travel time spent in this place.
 D = Time resting spent in this place.
 E = Time spent auto-exploring this place.
 F = Levels seen in this place.
 G = Mean time per level.
                   A        B        C        D        E       F      G
               +--------+--------+--------+--------+--------+-----+--------+
         Total |   5355 |   5270 |     85 |    740 |   3800 |   4 | 1338.8 |
       Dungeon |   5355 |   5270 |     85 |    740 |   3800 |   4 | 1338.8 |
               +--------+--------+--------+--------+--------+-----+--------+

Top non-repeatable levels by time:
     D:1: 1659 daAuts
     D:2: 1589 daAuts
     D:4: 1442 daAuts
     D:3: 663 daAuts
